[ AOE2 MATCH · #508393999 ]
UnrankedLithuanians vs Portuguese
[ REPLAY ANALYSIS · EXTRACTED FROM THE RECORDED GAME ]
Feudal
8:25
Castle
24:31
Imperial
—
| APM avg | 68.9 |
| APM peak | 98 |
| eAPM avg | 25.1 |
| Villagers / military | 100 / 75 |
Focus
⚔️ 32.5% · 🌾 67.5%
Skirmisher ×27 · Knight ×20 · Scout Cavalry ×12 · Scorpion ×9 · Monk ×4 · Spearman ×2
Feudal
8:46
Castle
24:01
Imperial
—
| APM avg | 53.1 |
| APM peak | 80 |
| eAPM avg | 25.5 |
| Villagers / military | 106 / 96 |
Focus
⚔️ 42.4% · 🌾 57.6%
Cavalry Archer ×33 · Skirmisher ×29 · Knight ×17 · Monk ×7 · Spearman ×5 · Militia ×3
Match map
Initial resources + every placement click. Lines = walls · curves = elevation contours. ◆ gold · ⬟ stone · ● berries · ✦ relic · ◌ wall gap
Your base· Open — unwalled flank
Andre_2i's base· ✓ Closed at 24:01 · 57t walls · 3 gate(s)
Smoothed initial terrain · ◌ = detected wall gap · hover for details
Inputs per minute
— Proctologue - - Andre_2i
Build order — Proctologue
First 150 of 297 actions detected
| 0:00 | Queue | Villager (Male) |
| 0:00 | Queue | Villager (Male) |
| 0:01 | Queue | Villager (Male) |
| 0:01 | Queue | Villager (Male) |
| 0:02 | Build | House |
| 0:04 | Build | House |
| 0:20 | Queue | Villager (Male) |
| 0:27 | Queue | Villager (Male) |
| 1:25 | Queue | Villager (Male) |
| 1:25 | Queue | Villager (Male) |
| 1:51 | Build | Lumber Camp |
| 2:04 | Queue | Villager (Male) |
| 2:32 | Queue | Villager (Male) |
| 2:52 | Queue | Villager (Male) |
| 3:20 | Queue | Villager (Male) |
| 3:25 | Build | House |
| 3:36 | Queue | Villager (Male) |
| 4:39 | Queue | Villager (Male) |
| 4:46 | Build | Mill |
| 4:51 | Queue | Villager (Male) |
| 5:38 | Research | Loom |
| 6:08 | Research | Feudal Age |
| 7:22 | Build | House |
| 7:50 | Build | Barracks |
| 8:12 | Queue | Villager (Male) |
| 8:21 | Queue | Villager (Male) |
| 8:24 | Queue | Militia |
| 8:25 | Age | Feudal Age |
| 8:28 | Build | Archery Range |
| 8:28 | Queue | Spearman |
| 8:34 | Queue | Villager (Male) |
| 8:47 | Research | Double-Bit Axe |
| 8:51 | Queue | Spearman |
| 9:07 | Queue | Skirmisher |
| 9:10 | Queue | Skirmisher |
| 9:14 | Build | Palisade Gate |
| 9:44 | Queue | Skirmisher |
| 9:51 | Queue | Villager (Male) |
| 10:17 | Queue | Skirmisher |
| 10:30 | Queue | Villager (Male) |
| 10:32 | Build | Farm |
| 10:32 | Build | House |
| 10:54 | Build | Palisade Gate |
| 10:57 | Build | House |
| 11:08 | Queue | Skirmisher |
| 11:10 | Queue | Skirmisher |
| 11:33 | Queue | Skirmisher |
| 11:59 | Queue | Skirmisher |
| 12:00 | Queue | Villager (Male) |
| 12:02 | Build | Farm |
| 12:03 | Build | Farm |
| 12:05 | Build | Farm |
| 12:16 | Queue | Skirmisher |
| 12:27 | Build | Farm |
| 12:28 | Build | Farm |
| 12:32 | Queue | Villager (Male) |
| 12:32 | Queue | Villager (Male) |
| 13:14 | Build | Blacksmith |
| 13:36 | Queue | Villager (Male) |
| 13:39 | Build | Farm |
| 13:40 | Build | House |
| 13:41 | Build | House |
| 13:53 | Research | Fletching |
| 14:10 | Build | Stable |
| 14:17 | Build | Farm |
| 14:20 | Build | Farm |
| 14:22 | Queue | Villager (Male) |
| 14:34 | Queue | Skirmisher |
| 14:35 | Queue | Skirmisher |
| 14:39 | Queue | Villager (Male) |
| 14:50 | Queue | Villager (Male) |
| 14:53 | Build | House |
| 15:01 | Build | House |
| 15:04 | Queue | Villager (Male) |
| 15:08 | Queue | Scout Cavalry |
| 15:09 | Queue | Scout Cavalry |
| 15:20 | Queue | Villager (Male) |
| 15:49 | Queue | Villager (Male) |
| 15:51 | Build | Farm |
| 15:53 | Build | Farm |
| 15:57 | Queue | Skirmisher |
| 15:57 | Queue | Skirmisher |
| 16:03 | Queue | Scout Cavalry |
| 16:04 | Queue | Scout Cavalry |
| 16:15 | Queue | Villager (Male) |
| 16:16 | Queue | Villager (Male) |
| 16:43 | Queue | Villager (Male) |
| 16:45 | Build | Farm |
| 16:46 | Build | Farm |
| 16:49 | Queue | Scout Cavalry |
| 17:01 | Queue | Villager (Male) |
| 17:09 | Queue | Villager (Male) |
| 17:11 | Build | Farm |
| 17:11 | Build | Farm |
| 17:41 | Queue | Villager (Male) |
| 17:47 | Queue | Skirmisher |
| 17:51 | Research | Forging |
| 18:00 | Queue | Skirmisher |
| 18:04 | Queue | Scout Cavalry |
| 18:15 | Queue | Villager (Male) |
| 18:32 | Queue | Villager (Male) |
| 18:35 | Queue | Skirmisher |
| 18:46 | Queue | Villager (Male) |
| 18:48 | Build | Mining Camp |
| 18:56 | Queue | Villager (Male) |
| 18:58 | Build | Farm |
| 18:59 | Build | Farm |
| 19:04 | Queue | Skirmisher |
| 19:16 | Build | House |
| 19:17 | Build | House |
| 19:23 | Queue | Villager (Male) |
| 19:24 | Build | Farm |
| 19:54 | Queue | Villager (Male) |
| 19:57 | Research | Wheelbarrow |
| 20:03 | Research | Bloodlines |
| 20:06 | Build | Farm |
| 20:06 | Build | Farm |
| 20:17 | Queue | Villager (Male) |
| 20:34 | Queue | Villager (Male) |
| 20:36 | Build | Lumber Camp |
| 20:40 | Queue | Scout Cavalry |
| 20:52 | Build | Farm |
| 21:10 | Build | House |
| 21:12 | Queue | Villager (Male) |
| 21:17 | Queue | Villager (Male) |
| 21:51 | Research | Castle Age |
| 22:00 | Build | Stable |
| 22:37 | Queue | Villager (Male) |
| 22:38 | Queue | Scout Cavalry |
| 22:47 | Queue | Scout Cavalry |
| 22:47 | Queue | Scout Cavalry |
| 22:52 | Build | Farm |
| 22:53 | Build | Farm |
| 22:55 | Build | Farm |
| 23:17 | Queue | Villager (Male) |
| 23:50 | Queue | Scout Cavalry |
| 23:50 | Queue | Villager (Male) |
| 23:51 | Build | Farm |
| 23:52 | Build | Farm |
| 23:53 | Build | Farm |
| 23:57 | Build | Farm |
| 24:31 | Age | Castle Age |
| 24:32 | Queue | Scout Cavalry |
| 24:33 | Queue | Knight |
| 24:33 | Queue | Knight |
| 24:33 | Queue | Knight |
| 24:36 | Build | Monastery |
| 24:41 | Queue | Villager (Male) |
| 24:44 | Research | Bow Saw |
| 25:04 | Queue | Knight |
Build order — Andre_2i
First 150 of 332 actions detected
| 0:01 | Queue | Villager (Male) |
| 0:02 | Build | House |
| 0:03 | Build | House |
| 0:11 | Queue | Villager (Male) |
| 0:14 | Queue | Villager (Male) |
| 0:17 | Queue | Villager (Male) |
| 1:35 | Queue | Villager (Male) |
| 1:57 | Build | Lumber Camp |
| 1:59 | Queue | Villager (Male) |
| 2:15 | Queue | Villager (Male) |
| 2:43 | Queue | Villager (Male) |
| 3:05 | Queue | Villager (Male) |
| 3:36 | Queue | Villager (Male) |
| 3:52 | Build | House |
| 3:53 | Build | House |
| 3:58 | Queue | Villager (Male) |
| 4:15 | Queue | Villager (Male) |
| 4:30 | Queue | Villager (Male) |
| 4:46 | Build | Mill |
| 5:11 | Queue | Villager (Male) |
| 5:39 | Queue | Villager (Male) |
| 5:40 | Research | Loom |
| 6:36 | Research | Feudal Age |
| 7:04 | Build | Lumber Camp |
| 7:26 | Queue | Villager (Male) |
| 7:37 | Build | Palisade Gate |
| 7:39 | Build | Palisade Wall |
| 7:40 | Build | Palisade Gate |
| 8:02 | Queue | Villager (Male) |
| 8:05 | Build | Barracks |
| 8:46 | Age | Feudal Age |
| 8:52 | Queue | Militia |
| 8:52 | Queue | Militia |
| 9:06 | Queue | Villager (Male) |
| 9:52 | Queue | Villager (Male) |
| 10:00 | Build | Palisade Wall |
| 10:12 | Build | Palisade Wall |
| 10:16 | Build | Palisade Wall |
| 10:17 | Build | Palisade Wall |
| 10:25 | Queue | Villager (Male) |
| 10:33 | Queue | Militia |
| 10:38 | Build | House |
| 10:45 | Build | Palisade Wall |
| 10:56 | Queue | Villager (Male) |
| 11:05 | Queue | Villager (Male) |
| 11:18 | Build | House |
| 11:22 | Queue | Villager (Male) |
| 11:28 | Queue | Villager (Male) |
| 11:47 | Build | House |
| 11:48 | Queue | Villager (Male) |
| 12:04 | Queue | Villager (Male) |
| 12:12 | Build | Archery Range |
| 12:18 | Build | Watch Tower |
| 12:18 | Queue | Villager (Male) |
| 12:31 | Research | Double-Bit Axe |
| 12:38 | Build | Farm |
| 12:39 | Build | Farm |
| 12:40 | Build | Farm |
| 12:40 | Build | Farm |
| 12:41 | Queue | Villager (Male) |
| 12:42 | Queue | Skirmisher |
| 12:49 | Build | Stone Wall |
| 12:57 | Queue | Villager (Male) |
| 13:00 | Build | Stone Wall |
| 13:10 | Build | Farm |
| 13:20 | Queue | Villager (Male) |
| 13:23 | Queue | Villager (Male) |
| 13:24 | Queue | Skirmisher |
| 13:36 | Queue | Skirmisher |
| 13:43 | Build | Farm |
| 13:45 | Build | Farm |
| 13:46 | Build | Farm |
| 13:53 | Build | House |
| 14:00 | Build | House |
| 14:05 | Build | Farm |
| 14:08 | Build | Farm |
| 14:08 | Build | Farm |
| 14:10 | Queue | Skirmisher |
| 14:15 | Queue | Villager (Male) |
| 14:16 | Build | Archery Range |
| 14:37 | Queue | Villager (Male) |
| 14:38 | Build | Farm |
| 14:40 | Build | Farm |
| 14:46 | Build | Outpost |
| 14:48 | Research | Town Watch |
| 14:49 | Queue | Skirmisher |
| 14:57 | Build | House |
| 14:58 | Build | House |
| 15:01 | Queue | Skirmisher |
| 15:13 | Build | Farm |
| 15:19 | Queue | Skirmisher |
| 15:23 | Build | House |
| 15:26 | Build | House |
| 15:27 | Build | House |
| 15:36 | Queue | Villager (Male) ×4 |
| 15:50 | Queue | Skirmisher |
| 15:53 | Queue | Skirmisher |
| 15:53 | Queue | Skirmisher |
| 16:16 | Build | Mining Camp |
| 16:18 | Queue | Skirmisher |
| 16:27 | Queue | Skirmisher |
| 16:34 | Queue | Skirmisher |
| 16:37 | Queue | Villager (Male) |
| 16:41 | Queue | Skirmisher |
| 16:47 | Build | House |
| 16:52 | Queue | Skirmisher |
| 17:00 | Build | Farm |
| 17:06 | Queue | Villager (Male) |
| 17:07 | Queue | Skirmisher |
| 17:19 | Build | Palisade Wall |
| 17:21 | Build | Farm |
| 17:27 | Queue | Skirmisher |
| 17:34 | Build | Palisade Wall |
| 17:35 | Queue | Spearman |
| 17:42 | Queue | Spearman |
| 17:42 | Queue | Skirmisher |
| 17:46 | Queue | Villager (Male) |
| 17:51 | Queue | Skirmisher |
| 17:56 | Queue | Villager (Male) ×5 |
| 18:11 | Queue | Spearman |
| 18:11 | Queue | Skirmisher |
| 18:36 | Queue | Skirmisher |
| 18:39 | Build | Mining Camp |
| 18:41 | Queue | Villager (Male) |
| 18:47 | Queue | Skirmisher |
| 18:53 | Build | House |
| 19:08 | Queue | Spearman |
| 19:08 | Queue | Spearman |
| 19:09 | Queue | Skirmisher |
| 19:30 | Build | Palisade Wall |
| 19:39 | Queue | Villager (Male) |
| 19:43 | Build | Palisade Gate |
| 19:45 | Build | House |
| 19:46 | Build | Palisade Wall |
| 19:53 | Build | House |
| 19:55 | Queue | Villager (Male) |
| 20:18 | Build | Palisade Wall |
| 20:28 | Build | Blacksmith |
| 20:37 | Build | House |
| 20:38 | Build | Palisade Wall |
| 20:43 | Queue | Villager (Male) |
| 21:21 | Research | Castle Age |
| 21:24 | Build | House |
| 21:46 | Research | Horse Collar |
| 21:49 | Queue | Archer |
| 21:49 | Queue | Archer |
| 22:11 | Build | House |
| 22:18 | Queue | Skirmisher |
| 22:25 | Build | Farm |
| 22:26 | Build | Farm |
Match timeline
| 7:39 | Andre_2i · wall_segment Palisade Wall x1 |
| 7:50 | Proctologue · first_building Barracks |
| 8:05 | Andre_2i · first_building Barracks |
| 8:25 | Proctologue · age_up feudal |
| 8:28 | Proctologue · first_building Archery Range |
| 8:46 | Andre_2i · age_up feudal |
| 10:00 | Andre_2i · wall_segment Palisade Wall x6 |
| 10:12 | Andre_2i · wall_segment Palisade Wall x1 |
| 10:16 | Andre_2i · wall_segment Palisade Wall x4 |
| 10:17 | Andre_2i · wall_segment Palisade Wall x2 |
| 10:45 | Andre_2i · wall_segment Palisade Wall x5 |
| 12:12 | Andre_2i · first_building Archery Range |
| 12:49 | Andre_2i · wall_segment Stone Wall x1 |
| 13:00 | Andre_2i · wall_segment Stone Wall x1 |
| 14:10 | Proctologue · first_building Stable |
| 17:19 | Andre_2i · wall_segment Palisade Wall x8 |
| 17:34 | Andre_2i · wall_segment Palisade Wall x1 |
| 19:30 | Andre_2i · wall_segment Palisade Wall x16 |
| 19:46 | Andre_2i · wall_segment Palisade Wall x1 |
| 20:18 | Andre_2i · wall_segment Palisade Wall x11 |
| 20:38 | Andre_2i · wall_segment Palisade Wall x1 |
| 22:33 | Andre_2i · first_building Stable |
| 24:01 | Andre_2i · age_up castle |
| 24:31 | Proctologue · age_up castle |
| 24:36 | Proctologue · first_building Monastery |
| 25:02 | Andre_2i · wall_segment Palisade Wall x1 |
| 26:06 | Andre_2i · first_building Monastery |
| 28:18 | Proctologue · first_building Siege Workshop |
| 35:28 | Andre_2i · first_building Castle |
| 36:03 | Proctologue · resign |
[ AI ANALYSIS · 1 CREDIT ]
What really happened in this match?
Wolo.gg analyzes every decision: build order, eco, micro, common mistakes by bracket. Personalized analysis on WhatsApp or Discord in 30 seconds.
Civ guide
Lithuanians
Perfil
Jugador #19202084